 Dungeon Crawl Stone Soup version 0.32-a0-468-g38b2580584 (webtiles) character file.

Game seed: 12408791592229374091

4 shoop the Shield-Bearer (level 1, -4/19 HPs)
             Began as a Mountain Dwarf Fighter on Feb 24, 2024.
             Frozen to death by an endoplasm (5 damage)
             ... on level 1 of the Dungeon.
             The game lasted 00:00:16 (132 turns).

shoop the Shield-Bearer (Mountain Dwarf Fighter)     Turns: 132, Time: 00:00:17

Health: -4/19      AC:  6    Str: 18    XL:     1   Next: 58%
Magic:  1/1        EV:  9    Int:  8    God:
Gold:   16         SH:  4    Dex:  9    Spells: 0/0 levels left

rFire   . . .        a - +0 flail
rCold   . . .        c - +0 buckler
rNeg    . . .        b - +0 scale mail
rPois   .            (no helmet)
rElec   .            (no cloak)
rCorr   .            (no gloves)
SInv    .            (no boots)
Will    .....        (no amulet) Stlth
                     (no ring)
HPRegen 0.23/turn    (no ring)
MPRegen 0.07/turn

%: no passive effects
@: no status effects
A: runic magic, artefact enchanting
a: no special abilities


You were on level 1 of the Dungeon.
You visited 1 branch of the dungeon, and saw 1 of its levels.

You collected 16 gold pieces.

Inventory:

Hand Weapons
 a - a +0 flail (weapon)
Armour
 b - a +0 scale mail (worn)
 c - a +0 buckler (worn)
Potions
 d - a potion of might
 e - a potion of cancellation {unknown}


   Skills:
 - Level 3.2 Fighting
 + Level 3.0 Maces & Flails
 - Level 3.2 Armour
 - Level 3.2 Shields


You couldn't memorise any spells.
You didn't know any spells.
Your spell library was empty.

Dungeon Overview and Level Annotations

Branches:
Dungeon (1/15)

Altars:


Innate Abilities, Weirdness & Mutations

Your spellcasting is much less encumbered by armour.
You can use scrolls of enchantment on lesser artefacts.


Message History

You now have 12 gold pieces.
e - a fuming blue potion
Found a mace.
You now have 16 gold pieces (gained 4).
You see here a +0 mace.
Found a faded altar of an unknown god.
A goblin comes into view. It is wielding a +0 dagger of venom.
The goblin shouts!
There is a dry fountain here.
A quokka comes into view.
An endoplasm comes into view.
The quokka moves out of view.
The goblin hits you with a +0 dagger of venom.
You are poisoned.
You barely miss the goblin.
You feel very sick. The goblin barely misses you.
You thump the goblin!
You kill the goblin!
You feel sick.
You feel sick.
You sock the quokka!
You kill the quokka!
You feel sick.
Your Maces & Flails skill increases to level 3!
You hit the endoplasm but do no damage.
You feel sick.
The endoplasm hits you but does no damage.
The endoplasm freezes you.
You are frozen.
* * * LOW HITPOINT WARNING * * *
You hit the endoplasm but do no damage.
* * * LOW HITPOINT WARNING * * *
You feel sick. The endoplasm closely misses you.
You hit the endoplasm.
The endoplasm is heavily wounded.
* * * LOW HITPOINT WARNING * * *
You feel sick.
You are no longer poisoned.
The endoplasm freezes you.
You are frozen.
You die...

#.#.# #.##.##.#
###.#.### #.##...
........# #.##.# ..
P~~.~~.# #....# #.
...⌠.###.#..# #.
####.⌠.#...#..#####.
.
#_.....#.###........
#.~.####.⌠...#
#)######.
#.~...J@.⌠.### #.#
##. ..~.~~⌠⌠⌠~.# #.#
#.. #..........#
#.#####..
###..###...#
#........ .... #..##
#######.# ###. #.##
#.# # ..# #.# ## #.#
..#


You could see an endoplasm.

Vanquished Creatures
  2 ball pythons (D:1)
  A goblin (D:1)
  A quokka (D:1)
4 creatures vanquished.

Notes
Turn   | Place    | Note
-------+----------+-------------------------------------------
     0 | D:1      | shoop the Mountain Dwarf Fighter began the quest for the
                  | Orb.
     0 | D:1      | Reached XP level 1. HP: 19/19 MP: 1/1
   120 | D:1      | Found a faded altar of an unknown god.
   132 | D:1      | Frozen to death by an endoplasm

Illustrated notes

Levels and vault maps discovered:
D:1:      onia_arrival_mini_spirals, layout_loops_ring,
          shapermc_ecumenical_altar_acropolis

Skill      XL: |  1 |
---------------+----+-----
Maces & Flails | 3 |  3.0
Fighting       | |  3.2
Armour         | |  3.2
Shields        | |  3.2

Action                     || total
---------------------------++-------
  Melee: Flail             ||    10
 Armour: Scale mail        ||     3
  Dodge: Dodged            ||     7
  Block: Buckler           ||     2

Table legend: (Time is in decaauts)
 A = Elapsed time spent in this place.
 B = Non-inter-level travel time spent in this place.
 C = Inter-level travel time spent in this place.
 D = Time resting spent in this place.
 E = Time spent auto-exploring this place.
 F = Levels seen in this place.
 G = Mean time per level.
                   A        B        C        D        E       F      G
               +--------+--------+--------+--------+--------+-----+--------+
         Total |    134 |    134 |      0 |      0 |    106 |   1 |  134.0 |
       Dungeon |    134 |    134 |      0 |      0 |    106 |   1 |  134.0 |
               +--------+--------+--------+--------+--------+-----+--------+

Top non-repeatable levels by time:
     D:1: 134 daAuts
